cohdb
Replays
Latest Replays
All Replays
Popular Replays
Top Player Replays
Match Explorer
How It Works
Community
CoH3 Stats
Reddit
Sign in to upload your games and track your stats! →
Sign in with Steam
Match 43687319
Unlisted
Match 43687319
Overview
Messages
Build Orders
End
Panzerpioneer Squad
250 Light Carrier
Construct Light Support Kompanie
Assault Grenadier Squad
Assault Grenadier Squad
Fire Support Elements
Flakvierling Half-track
Panzerjäger Mechanized Group
Selects Panzerjäger Kommand Battlegroup
Selects Tank Busters
Selects Mine Fields
Combat Half-tracks
2.5-tonne Medical Truck
Assault Grenadier Squad
Bish Bash Bosh
gicobiwolfe
Kcodarc
Thiklitsa
0
0
Comments
sign in to comment!
No comments posted yet!